 Dungeon Crawl Stone Soup version 0.32-a0-612-g1c984fe9d1 (webtiles) character file.

Game seed: 16497762529833344184

3108 zenocrate the Conjurer (level 9, -2/78 HPs)
             Began as a Green Draconian Earth Elementalist on Mar 4, 2024.
             Was an Initiate of Vehumet.
             Slain by an ice beast (6 damage)
             ... on level 7 of the Dungeon.
             The game lasted 00:10:27 (7207 turns).

zenocrate the Conjurer (DrEE)                       Turns: 7207, Time: 00:10:28

Health: -2/78      AC: 10    Str: 13    XL:     9   Next: 60%
Magic:  3/18       EV: 13    Int: 20    God:    Vehumet [......]
Gold:   193        SH:  0    Dex: 12    Spells: 10/20 levels left

rFire   . . .        a - +2 short sword (venom)
rCold   . . .        (no shield)
rNeg    . . .        (body armour unavailable)
rPois   +            (helmet restricted)
rElec   .            B - +0 cloak
rCorr   +            (no gloves)
SInv    .            r - +1 pair of boots {Stlth+}
Will    .....        (no amulet)
Stlth   +++          i - ring "Rulemeogg" {rCorr Str+3}
HPRegen 0.33/turn    (no ring)
MPRegen 0.16/turn

%: no passive effects
@: slowed, studying Conjurations, very slow
A: noxious breath, AC +7, unfitting armour, poison resistance, cold-blooded
a: Noxious Breath, Renounce Religion


You were on level 7 of the Dungeon.
You worshipped Vehumet.
Vehumet was noncommittal.
You visited 2 branches of the dungeon, and saw 8 of its levels.
You also visited: Sewer.

You collected 308 gold pieces.
You spent 115 gold pieces at shops.

Inventory:

Hand Weapons
 a - a +2 short sword of venom (weapon)
 b - a +4 hand axe of flaming
Armour
 r - a +1 pair of boots of stealth (worn)
 x - a +0 buckler
 B - a +0 cloak (worn)
Jewellery
 i - the ring "Rulemeogg" (left hand) {rCorr Str+3}
   (You found it on level 4 of the Dungeon)

   [ring of resist corrosion]

   Str+3:     It affects your strength (+3).
   rCorr:     It protects you from acid and corrosion.
 n - a ring of fire
Talismans
 p - a beast talisman
Wands
 c - a wand of iceblast (10)
 o - a wand of light (2)
 w - a wand of digging (4)
 z - a wand of polymorph (4)
 A - a wand of mindburst (10)
Scrolls
 d - a scroll of brand weapon
 e - 2 scrolls of teleportation
 h - a scroll of enchant weapon
 k - 2 scrolls of summoning
 l - a scroll of identify
Potions
 f - 3 potions of enlightenment
 g - a potion of mutation
 j - 4 potions of heal wounds
 m - a potion of brilliance
 q - a potion of ambrosia
 s - a potion of haste
 t - a potion of curing


   Skills:
 + Level 6.4 Fighting
 + Level 5.0 Dodging
 - Level 1.7 Stealth
 * Level 6.3 Spellcasting
 + Level 6.9 Conjurations
 + Level 6.4 Earth Magic
 - Level 3.0 Shapeshifting


You had 10 spell levels left.
You knew the following spells:

 Your Spells              Type           Power      Damage    Failure   Level
a - Stone Arrow           Conj/Erth      66%        3d11      1%          3
c - Brom's Barrelling Bo  Conj/Erth      33%        2d5       6%          4
d - Tukima's Dance        Hex            6%         N/A       30%         3

Your spell library contained the following spells:

 Spells                   Type           Power      Damage    Failure   Level
 Sandblast                Erth           64%        2d14      1%          1
 Passwall                 Erth           32%        N/A       2%          3
 Iskenderun's Mystic Bla  Conj/Tloc      20%        2d6       24%         4
 Petrify                  Alch/Erth      19%        N/A       26%         4
 Call Canine Familiar     Summ           6%         N/A       30%         3
 Sigil of Binding         Hex            6%         N/A       30%         3
 Dimensional Bullseye     Hex/Tloc       3%         N/A       69%         4


Dungeon Overview and Level Annotations

Branches:
Dungeon (7/15)             Temple (1/1) D:6           Sewer (visited)

Altars:
Ashenzari
Dithmenos
Elyvilon
Fedhas
Gozag
Hepliaklqana
Kikubaaqudgha
Makhleb
Nemelex Xobeh
Okawaru
Qazlal
Ru
Sif Muna
Trog
Uskayaw
Vehumet
Wu Jian
Xom
Yredelemnul
Zin
The Shining One

Shops:
D:2 [   D:3 (


Innate Abilities, Weirdness & Mutations

You can breathe blasts of noxious fumes.
Your lurid green scales are hard. (AC +7)
You cannot fit into any form of body armour.
Your system is resistant to poisons. (rPois)
You are cold-blooded and may be slowed by cold attacks.


Message History

The ice beast hits you but does no damage.
Unknown command.
Unknown command.
Casting: Stone Arrow (safe; 1% risk of failure)
Confirm with . or Enter, or press ? or * to list all spells.
You don't have enough magic to cast this spell.
Unknown command.
Unknown command.
Unknown command.
You completely miss the ice beast. You tail-slap the ice beast.
The ice beast is lightly wounded.
The centaur shoots an arrow.
The arrow hits you but does no damage.
Unknown command.
Unknown command.
The centaur shoots an arrow.
The arrow hits you.
* * * LOW HITPOINT WARNING * * *
The ice beast attacks as it pursues you!
The ice beast hits you.
* * * LOW HITPOINT WARNING * * *
The ice beast freezes you.
You feel yourself slow down.
* * * LOW HITPOINT WARNING * * *
Aiming: Noxious Breath
Press: ? - help, Shift-Dir - straight line, f - centaur
Aim: a centaur, wielding a +0 shortbow (heavily wounded, poisoned, 90% to hit)
You exhale a blast of noxious fumes.
The blast of choking fumes hits the centaur.
The centaur is heavily wounded.
The centaur is engulfed in noxious fumes.
The centaur shoots an arrow.
The arrow closely misses you.
The ice beast hits you but does no damage.
The centaur is engulfed in noxious fumes.
The centaur appears confused.
The ice beast misses you.
The centaur is engulfed in noxious fumes.
The centaur appears confused.
You feel yourself speed up.
The ice beast attacks as it pursues you!
The ice beast hits you.
* * * LOW HITPOINT WARNING * * *
The ice beast freezes you.
You feel yourself slow down.
You die...

....#........# #.
....#..#.#.#.###.
.##......)))....<..
#.#..##..#.#.#.##..
....##..#.....#...
#..##..###.###...
##..##..# #.###...
..##.##.Y☼☼§c☼###<..#...
#......@#.##...........?
####...##..°............
#.### ####.###.)......
#. .............. #
.##............ #.
####.....#### . ##...##
#####


You could see an ice beast and a centaur (confused, poisoned).

Vanquished Creatures
  A two-headed ogre (D:5)
  Sigmund (D:5)
  A water moccasin (D:5)
  3 ogres
  3 centaurs
  2 phantoms
  3 kobold brigands (Sewer)
  2 bullfrogs
  A scorpion (D:4)
  2 bombardier beetles (D:4)
  4 hounds
  An orc priest (D:5)
  3 jellies
  A gnoll bouda (D:7)
  A sleepcap (D:6)
  Terence (D:2)
  Natasha (thrice) (D:2)
  2 iguanas
  2 orc wizards (D:6)
  Robin (D:2)
  3 gnolls (D:7)
  15 adders
  2 river rats
  2 white imps
  4 ribbon worms
  3 dart slugs
  16 orcs
  15 ball pythons
  3 bats
  8 endoplasms
  6 giant cockroaches
  7 hobgoblins
  2 jackals (D:4)
  3 quokkas
  7 frilled lizards
  16 goblins
  10 kobolds
  7 rats
167 creatures vanquished.

Vanquished Creatures (others)
  Maurice (D:7)
1 creature vanquished.

Grand Total: 168 creatures vanquished

Notes
Turn   | Place    | Note
-------+----------+-------------------------------------------
     0 | D:1      | zenocrate the Draconian Earth Elementalist began the quest
                  | for the Orb.
     0 | D:1      | Reached XP level 1. HP: 14/14 MP: 3/3
   213 | D:1      | Reached XP level 2. HP: 19/20 MP: 1/5
   706 | D:1      | Found a faded altar of an unknown god.
   817 | D:1      | Reached XP level 3. HP: 27/27 MP: 6/6
  1003 | D:1      | Learned a level 3 spell: Stone Arrow
  1247 | D:2      | Identified the +2 robe of the Wasteland {Str+2 Int+2 Slay+3
                  | Stlth+}
  1250 | D:2      | Noticed Robin
  1293 | D:2      | Killed Robin
  1294 | D:2      | Reached skill level 1 in Fighting
  1368 | D:2      | Reached XP level 4. HP: 32/35 MP: 4/7
  1437 | D:2      | Found a hazy altar of Hepliaklqana.
  1586 | D:2      | Noticed Natasha
  1594 | D:2      | Killed Natasha
  1602 | D:2      | Learned a level 4 spell: Brom's Barrelling Boulder
  1778 | D:2      | Found Vodettuq's Armour Shoppe.
  1824 | D:2      | Noticed Terence
  1836 | D:2      | Killed Terence
  1837 | D:2      | Reached XP level 5. HP: 40/40 MP: 1/9
  1913 | D:2      | Noticed Natasha
  1918 | D:2      | Killed Natasha
  2026 | D:2      | Noticed Natasha
  2030 | D:2      | Killed Natasha
  2110 | D:2      | Bought a +0 pair of boots of stealth for 115 gold pieces
  2207 | D:3      | Found Cadwuwed's Antique Weapon Boutique.
  2376 | D:3      | Identified the +1 buckler "Foadiutz" {Fly rPois MP-9
                  | Slay-2}
  2420 | D:3      | Noticed an ogre
  2424 | D:3      | Killed an ogre
  2425 | D:3      | Reached skill level 1 in Shapeshifting
  2425 | D:3      | Reached XP level 6. HP: 48/48 MP: 1/10
  3275 | D:4      | Your scales start taking on a lurid green colour.
  3275 | D:4      | Reached XP level 7. HP: 54/57 MP: 0/12
  3275 | D:4      | Gained mutation: Your system is resistant to poisons.
                  | (rPois) [Green Draconian growth]
  3373 | D:4      | Identified the ring "Rulemeogg" {rCorr Str+3}
  3783 | D:4      | Found a white marble altar of Elyvilon.
  4123 | D:5      | Entered Level 5 of the Dungeon
  4126 | D:5      | Found an iron altar of Okawaru.
  4139 | D:5      | Reached skill level 5 in Earth Magic
  4431 | D:5      | Found a glowing drain.
  4434 | D:5      | Reached XP level 8. HP: 63/67 MP: 4/14
  4456 | Sewer    | Entered a sewer
  4862 | Sewer    | Reached skill level 5 in Fighting
  5151 | Sewer    | Learned a level 3 spell: Tukima's Dance
  5169 | D:5      | Noticed a two-headed ogre
  5183 | D:5      | Killed a two-headed ogre
  5184 | D:5      | Reached skill level 5 in Spellcasting
  5184 | D:5      | Reached skill level 5 in Conjurations
  5435 | D:5      | Reached XP level 9. HP: 75/75 MP: 2/16
  5596 | D:5      | Noticed Sigmund
  5598 | D:5      | Killed Sigmund
  6005 | D:6      | Found a staircase to the Ecumenical Temple.
  6014 | Temple   | Entered the Ecumenical Temple
  6025 | Temple   | Became a worshipper of Vehumet
  6934 | D:6      | Noticed a troll
  7161 | D:7      | Noticed Maurice
  7169 | D:7      | Maurice stole 180 gold
  7170 | D:7      | Maurice stole a ring of fire
  7171 | D:7      | Maurice stole a +4 hand axe of flaming
  7173 | D:7      | Maurice stole a beast talisman
  7182 | D:7      | Killed Maurice
  7183 | D:7      | Reached skill level 5 in Dodging
  7207 | D:7      | Slain by an ice beast

Illustrated notes

Levels and vault maps discovered:
D:1:      heliophobic_arrival_ceremonial_halls, layout_loops_ring,
          dilly_ecumenical_altar_fadedgnrine
D:2:      layout_loops_ring, serial_shops, nicolae_shop_tiny_glass, basic_altar,
          uniq_terence, uniq_natasha, uniq_robin
D:3:      layout_basic, serial_shops, shop_statue, minmay_quadrilaterals
D:4:      layout_cave_pools, elyvilon_altar_5, st_stairs_6, grunt_ministairs_10,
          minmay_manual_mail
D:5:      layout_loops_ring, okawaru_ov_weapons_minmay, portal_sewer_entry_b,
          uniq_sigmund
D:6:      layout_loops_ring, minmay_temple_entry_statues_pillars, serial_glass,
          glass_columns_a, glass_columns_a, glass_columns_c,
          lightli_corner_chamber
D:7:      layout_loops_ring, mainiacjoe_ossuary_entry_find_the_door,
          minmay_misc_feat_plants, minmay_manual_mares, uniq_maurice
Temple:   compressed_dpeg_triangle_lava_temple

Skill      XL: |  1  2  3  4  5  6  7  8  9 |
---------------+----------------------------+-----
Fighting       | 1 2 3 4 5 6 |  6.4
Dodging        | 2 3 4 5 |  5.0
Conjurations   | 2 3 4 5 6 |  6.9
Earth Magic    | 4 5 6 |  6.4
Spellcasting   | 3 4 5 6 |  6.3
Shapeshifting  | 1 2 3 |  3.0
Stealth        | |  1.7

Action                     |  1- 3 |  4- 6 |  7- 9 || total
---------------------------+-------+-------+-------++-------
  Melee: Unarmed           |     4 |     3 |       ||     7
         Punch             |     1 |       |       ||     1
         Dagger            |    42 |    16 |       ||    58
         Tailslap          |     7 |    13 |    15 ||    35
         Hand axe          |       |    43 |    57 ||   100
         Short sword       |       |       |    62 ||    62
   Cast: Sandblast         |    50 |    38 |       ||    88
         Stone Arrow       |       |    14 |    85 ||    99
Ability: Noxious Breath    |       |       |     6 ||     6
    Use: Potion            |     1 |     2 |       ||     3
         Scroll            |       |       |    14 ||    14
   Stab: Sleeping          |     1 |     5 |     1 ||     7
 Armour: Skin              |    51 |    50 |   123 ||   224
  Dodge: Dodged            |    57 |    47 |   140 ||   244

Table legend: (Time is in decaauts)
 A = Elapsed time spent in this place.
 B = Non-inter-level travel time spent in this place.
 C = Inter-level travel time spent in this place.
 D = Time resting spent in this place.
 E = Time spent auto-exploring this place.
 F = Levels seen in this place.
 G = Mean time per level.
                   A        B        C        D        E       F      G
               +--------+--------+--------+--------+--------+-----+--------+
         Total |   7359 |   7146 |    213 |    100 |   5868 |   9 |  817.7 |
       Dungeon |   6548 |   6341 |    207 |    100 |   5221 |   7 |  935.4 |
        Temple |     18 |     12 |      6 |      0 |      0 |   1 |   18.0 |
         Sewer |    792 |    792 |      0 |      0 |    647 |   1 |  792.0 |
               +--------+--------+--------+--------+--------+-----+--------+

Top non-repeatable levels by time:
     D:1: 1149 daAuts
     D:5: 1147 daAuts
     D:2: 1056 daAuts
     D:4: 1037 daAuts
     D:6: 1027 daAuts
     D:3: 935 daAuts
   Sewer: 792 daAuts
     D:7: 195 daAuts
  Temple: 18 daAuts
